 Dungeon Crawl Stone Soup version 0.31-a0-83-gbff143cfd1 (webtiles) character file.

Game seed: 8869788029226885101

2 Esekla the Sneak (level 1, 0/16 HPs)
             Began as an Octopode Delver on May 24, 2023.
             Slain by an orc wizard
             ... wielding a +0 dagger
              (2 damage)
             ... on level 5 of the Dungeon.
             The game lasted 00:01:05 (72 turns).

Esekla the Sneak (Octopode Delver)                    Turns: 72, Time: 00:01:06

Health: 0/16       AC:  1    Str: 11    XL:     1   Next: 30%
Magic:  1/1        EV: 13    Int: 12    God:
Gold:   5          SH:  0    Dex: 13    Spells: 0/0 levels left

rFire   . . .        a - +0 falchion
rCold   . . .        (no shield)
rNeg    . . .        (helmet restricted)
rPois   .            (no amulet)
rElec   .            (no ring)
rCorr   .            (no ring)
SInv    .            (no ring)
Will    .....        (no ring)
Stlth   +++          (no ring)
HPRegen 0.22/turn    (no ring)
MPRegen 0.07/turn    (no ring)
                     (no ring)

%: no passive effects
@: confused
A: almost no armour, amphibious, 8 rings, camouflage 1, gelatinous body 1,
nimble swimmer 1, tentacles
a: no special abilities


You were on level 5 of the Dungeon.
You visited 1 branch of the dungeon, and saw 1 of its levels.

You collected 5 gold pieces.

Inventory:

Hand Weapons
 a - a +0 falchion (weapon)
Missiles
 c - 3 poisoned darts (quivered)
Wands
 f - a wand of digging (3)
Scrolls
 b - a scroll of fog
 d - a scroll of fear
Potions
 e - a potion of haste


   Skills:
 * Level 3.0 Fighting
 * Level 2.0 Long Blades
 * Level 2.0 Dodging
 + Level 6.6 Stealth


You couldn't memorise any spells.
You didn't know any spells.
Your spell library was empty.

Dungeon Overview and Level Annotations

Branches:
Dungeon (5/15)
 Temple: D:4-7

Altars:
Sif Muna
Wu Jian


Innate Abilities, Weirdness & Mutations

You cannot wear most types of armour.
You are amphibious.
You can wear up to eight rings at the same time.
Your skin changes colour to match your surroundings (Stealth+).
Your rubbery body absorbs attacks. (AC +1, EV +1)
You are camouflaged when in or above water. (Stealth+)
You have tentacles for arms and can constrict up to eight enemies at once.


Message History

An orc is nearby!
You barely miss the orc. Your grab misses the orc. You squeeze the orc.
You kill the orc!
You hear a splash. x2
Throw: 5 darts (poison)
Press: ? - help, Q - select action Shift-Dir - straight line, f - orc wizard
Aim: an orc wizard, wielding a +0 dagger and wearing a +0 robe (50% to hit)
You throw a poisoned dart.
The poisoned dart closely misses the orc wizard.
The orc wizard mumbles some strange words.
The orc wizard flickers and vanishes!
Deactivating autopickup; reactivate with Ctrl-A.
Throw: 4 darts (poison)
Press: ? - help, Q - select action Shift-Dir - straight line You throw a poisoned dart.
An orc comes into view. It is wielding a +0 short sword.
You hit something. You hit something. Your squeeze misses something.
You hear some strange, mumbled words.
You are confused.
Something hits you.
You closely miss something. The orc hits you but does no damage.
You hear some strange, mumbled words.
A magic dart appears from out of thin air!
The magic dart hits you!
You bump into the rock wall.
Something hits you.
* * * LOW HITPOINT WARNING * * *
The orc splashes around in the water.
Okay, then.
You hit the orc but do no damage. You squeeze the orc, but do no damage.
You hear a splashing noise.
The orc barely misses you.
An orc comes into view. It is wielding a +0 club.
You hit something.
You hear some strange, mumbled words.
You are more confused.
The orc hits you with a +0 short sword.
* * * LOW HITPOINT WARNING * * *
You bump into the rock wall.
Something hits you.
You die...

#....<........#* ####
####.#######.....#
#..####...##~~~~~##....##
**#
..........#~~~~~~~###...##
**.# ..#####...#~~...~~#
##...###.#* .##
#####~~._.~~# ##.....#*
.##*****,,#~~...~~#
#...#..#
..#*,,,,,,#~~~.o~~#
#..##*##
........,,##~~o{@## ###.)#
........*,,###(######...##
.P....5.##.###.###....###
.P..PP............#####
.P..PP.....##...###***
PP..PP...,**#..#.,,,,**
....PP,,,,* ##.#o.,,,,*
,,,,,,,,,** #.....,,,**
,,,,,,,,,* #...o..,,,*


You could see 2 orcs.

Vanquished Creatures
  An orc (D:5)
1 creature vanquished.

Notes
Turn   | Place    | Note
-------+----------+-------------------------------------------
     0 | D:5      | Esekla the Octopode Delver began the quest for the Orb.
     0 | D:5      | Reached XP level 1. HP: 16/16 MP: 1/1
     8 | D:5      | Found an ornate altar of the Wu Jian Council.
    13 | D:5      | Noticed a lemure
    25 | D:5      | Noticed a hound
    53 | D:5      | Noticed an orc wizard
    55 | D:5      | Found a shimmering blue altar of Sif Muna.
    72 | D:5      | Slain by an orc wizard

Illustrated notes

Levels and vault maps discovered:
D:5:      layout_layer_cave, mainiacjoe_overflow_alcove_2, led_sif_pool,
          mainiacjoe_overflow_chevrons, hangedman_decor_growths,
          corexii_corridor_pit, uniq_pikel, uniq_grinder

Action                     || total
---------------------------++-------
  Melee: Falchion          ||     6
         Tentacles         ||     2
  Throw: Dart              ||     2
    Use: Scroll            ||     1
 Armour: Skin              ||     1
  Dodge: Dodged            ||     1

Table legend: (Time is in decaauts)
 A = Elapsed time spent in this place.
 B = Non-inter-level travel time spent in this place.
 C = Inter-level travel time spent in this place.
 D = Time resting spent in this place.
 E = Time spent auto-exploring this place.
 F = Levels seen in this place.
 G = Mean time per level.
                   A        B        C        D        E       F      G
               +--------+--------+--------+--------+--------+-----+--------+
         Total |     73 |     73 |      0 |      3 |      0 |   1 |   73.0 |
       Dungeon |     73 |     73 |      0 |      3 |      0 |   1 |   73.0 |
               +--------+--------+--------+--------+--------+-----+--------+

Top non-repeatable levels by time:
     D:5: 73 daAuts
